 Dungeon Crawl Stone Soup version 0.31.0-12-g77e489cdc1 (webtiles) character file.

Game seed: 10791619933458202585

83530 sasquatch the Fencer (level 16, -22/133 HPs)
             Began as a Formicid Fighter on Feb 7, 2024.
             Was a High Priest of the Shining One.
             Annihilated by a snapping turtle (65 damage)
             ... on level 1 of the Shoals on Feb 11, 2024.
             The game lasted 00:53:33 (21705 turns).

sasquatch the Fencer (Formicid Fighter)            Turns: 21705, Time: 00:53:33

Health: -22/133    AC: 27    Str: 22    XL:     16   Next: 24%
Magic:  25/25      EV:  2    Int:  9    God:    the Shining One [*****.]
Gold:   1060       SH:  0    Dex: 23    Spells: 15/15 levels left

rFire   . . .        S - +4 scimitar (flame)
rCold   + . .        c - +0 kite shield
rNeg    + + .        A - +6 plate armour of Syndicalism {rC+ Dex+4}
rPois   +            (helmet unavailable)
rElec   .            t - +0 cloak
rCorr   .            F - +0 pair of gloves
SInv    +            h - +0 pair of boots
Will    +....        O - amulet of regeneration Stlth
                     I - ring of poison resistance
HPRegen 1.22/turn    a - ring of flight
MPRegen 0.19/turn

%: no passive effects
@: sleeping, flying, glowing
A: permanent stasis, dig shafts and tunnels, antennae 3, four strong arms
a: Dig, Shaft Self, Renounce Religion, Divine Shield, Cleansing Flame, Summon
Divine Warrior


You were on level 1 of the Shoals.
You worshipped the Shining One.
The Shining One was extremely pleased with you.
You visited 6 branches of the dungeon, and saw 21 of its levels.
You also visited: Bailey.

You collected 1648 gold pieces.
You spent 588 gold pieces at shops.

Inventory:

Hand Weapons
 z - the +5 short sword of Leheiha {freeze, rF+ rC- Str+3}
   (You found it on level 4 of the Dungeon)

   Str+3:     It affects your strength (+3).
   rF+:       It protects you from fire.
   rC-:       It makes you vulnerable to cold.
 S - a +4 scimitar of flaming (weapon)
 W - a +3 great sword of protection
Missiles
 e - 30 boomerangs
 n - 2 javelins (quivered)
Armour
 c - a +0 kite shield (worn)
 h - a +0 pair of boots (worn)
 t - a +0 cloak (worn)
 A - the +6 plate armour of Syndicalism (worn) {rC+ Dex+4}
   (You bought it in a shop on level 2 of the Orcish Mines)

   Dex+4:     It affects your dexterity (+4).
   rC+:       It protects you from cold.
 F - a +0 pair of gloves (worn)
 N - a +0 tower shield
 R - +0 gold dragon scales
Jewellery
 a - a ring of flight (right hand)
 i - a ring of willpower
 E - a ring of protection from fire
 I - a ring of poison resistance (left hand)
 O - an amulet of regeneration (around neck)
 Y - a ring of willpower
Wands
 m - a wand of iceblast (11)
 V - a wand of acid (8)
 X - a wand of flame (14)
Scrolls
 f - 3 scrolls of poison
 k - 2 scrolls of revelation
 o - 2 scrolls of fog
 q - a scroll of silence
 w - a scroll of noise {unknown}
 x - 3 scrolls of fear {unknown}
 y - 4 scrolls of enchant weapon
 C - 3 scrolls of vulnerability
 H - 2 scrolls of torment {unknown}
 M - a scroll of enchant armour {unknown}
Potions
 d - 3 potions of might
 g - a potion of resistance {unknown}
 j - 4 potions of mutation
 l - 6 potions of heal wounds
 p - a potion of magic {unknown}
 s - 2 potions of lignification {unknown}
 u - 2 potions of brilliance
 v - 7 potions of curing
 D - 3 potions of enlightenment
 G - 4 potions of cancellation
 J - 3 potions of attraction
 K - a potion of degeneration {unknown}
 L - 4 potions of invisibility {unknown}
 Q - a potion of ambrosia {unknown}
 U - a potion of berserk rage {unknown}
Miscellaneous
 T - a phantom mirror
 Z - a tin of tremorstones (2/2)


   Skills:
 + Level 14.0 Fighting
 - Level 16.0 Long Blades
 + Level 13.7 Armour
 + Level 15.0 Shields
 - Level 12.0 Invocations


You had 15 spell levels left.
You didn't know any spells.
Your spell library contained the following spells:

 Spells                   Type           Power      Damage    Failure   Level
 Apportation              Tloc           0%         N/A       99%         1
 Necrotise                Necr           0%         1d4       99%         1
 Sting                    Conj/Alch      0%         1d3       99%         1
 Summon Small Mammal      Summ           0%         N/A       99%         1
 Ensorcelled Hibernation  Hex/Ice        0%         N/A       100%        2
 Lesser Beckoning         Tloc           0%         N/A       100%        2
 Mercury Vapours          Alch/Air       0%         N/A       100%        2
 Momentum Strike          Conj/Tloc      0%         3d8       100%        2
 Gell's Gravitas          Tloc           0%         N/A       100%        3
 Inner Flame              Hex/Fire       0%         N/A       100%        3
 Passwall                 Erth           0%         N/A       100%        3
 Teleport Other           Tloc           0%         N/A       100%        3
 Tukima's Dance           Hex            0%         N/A       100%        3
 Volatile Blastmotes      Fire/Tloc      0%         2d10      100%        3
 Anguish                  Hex/Necr       0%         N/A       100%        4
 Cause Fear               Hex            0%         N/A       100%        4
 Dimensional Bullseye     Hex/Tloc       0%         N/A       100%        4
 Fulminant Prism          Conj/Alch      0%         3d5       100%        4
 Ignite Poison            Fire/Alch      0%         N/A       100%        4
 Iskenderun's Mystic Bla  Conj/Tloc      0%         2d3       100%        4
 Olgreb's Toxic Radiance  Alch           0%         N/A       100%        4
 Sticky Flame             Fire/Alch      0%         2d4       100%        4
 Irradiate                Conj/Alch      0%         3d11      100%        5
 Summon Forest            Summ/Tloc      0%         N/A       100%        5
 Summon Mana Viper        Hex/Summ       0%         N/A       100%        5
 Summon Cactus Giant      Summ           0%         N/A       100%        6
 Enfeeble                 Hex            0%         N/A       100%        7
 Ignition                 Fire           0%         3d3       100%        8
 Blink                    Tloc           Unusable   N/A       N/A         2
 Swiftness                Air            Unusable   N/A       N/A         3

Dungeon Overview and Level Annotations

Branches:
Dungeon (11/15)            Temple (1/1) D:7            Lair (5/5) D:8
 Shoals (1/4) Lair:2        Snake (1/4) Lair:2        Slime (0/5) Lair:5
    Orc (2/2) D:10            Elf (0/3) Orc:2        Bailey (visited)

Altars:
Ashenzari
Cheibriados
Dithmenos
Elyvilon
Fedhas
Gozag
Hepliaklqana
Kikubaaqudgha
Makhleb
Nemelex Xobeh
Okawaru
Qazlal
Ru
Sif Muna
Trog
Uskayaw
Vehumet
Wu Jian
Xom
Yredelemnul
Zin
The Shining One
Jiyva

Shops:
D:3 [   Orc:2 :[[[(

Annotations:
D:3 1 runed translucent door, Crazy Yiuf
D:8 1 runed translucent door, Zeor's ghost, novice MiHu
Lair:3 3 runed translucent doors, asd2613's ghost, journeyman TrGl


Innate Abilities, Weirdness & Mutations

You cannot be hasted, slowed, berserked, paralysed or teleported.
You can dig through walls and to a lower floor.
You have a pair of large antennae on your head. (SInv)
Your four strong arms can wield two-handed weapons with a shield.


Message History

You hit the snapping turtle but do no damage.
You hit the snapping turtle but do no damage.
The snapping turtle bites you.
Unknown command.
You hit the snapping turtle but do no damage.
Unknown command.
You hit the snapping turtle but do no damage.
The snapping turtle bites you.
You slash the snapping turtle! You burn the snapping turtle.
The snapping turtle is moderately wounded.
The dream sheep ruffle their wool and motes of dream dust sparkle, to no effect.
Unknown command.
You hit the snapping turtle. You burn the snapping turtle.
The snapping turtle is moderately wounded.
You block the snapping turtle's attack.
You slice the snapping turtle!! You burn the snapping turtle!
The snapping turtle is almost dead.
The snapping turtle bites you.
The dream sheep shake their wool and sparkle.
You feel drowsy...
You fall asleep.
The snapping turtle bites you but does no damage.
The snapping turtle bites you!!!
You wake up.
Ouch! That really hurt!
* * * LOW HITPOINT WARNING * * *
You hit the snapping turtle but do no damage.
The snapping turtle is almost dead.
The snapping turtle bites you but does no damage.
You hit the snapping turtle but do no damage.
The snapping turtle is severely wounded.
Unknown command.
You hit the snapping turtle. You burn the snapping turtle.
The snapping turtle is almost dead.
You block the snapping turtle's attack.
Unknown command.
You hit the snapping turtle but do no damage.
The snapping turtle is almost dead.
The dream sheep shake their wool and sparkle.
You feel drowsy...
You fall asleep.
The snapping turtle bites you!!!
You die...

# ~~~~~~~~~~~~~≈≈ ##
~~~~~~~~~~~~~≈≈≈ ##.
.~~~~~~~~~~~~~~~≈ #..
..~~~~~~~~~≈~~~~≈≈≈....
#.~~~~~~≈≈≈~~~~≈≈≈~~~~
#.~~YY~≈≈≈≈~~~~≈~~~~~~
##.~Yt≈≈≈≈≈≈~~~~~~~~~~~
#.~~~≈@≈≈≈≈≈~~~~~~~~~~~
..~~~≈≈≈≈≈≈≈≈~~~~~~~~~~~
~~~~~≈≈≈≈≈≈≈≈≈≈≈≈≈≈~~~~≈
~~~~≈≈≈≈≈≈≈≈≈≈≈≈≈≈≈≈≈≈≈≈
~~≈≈≈≈≈≈≈≈≈≈≈≈≈≈≈≈≈≈≈≈≈≈
≈≈≈≈≈≈≈≈≈≈≈≈≈≈≈≈≈≈≈≈≈≈≈≈
≈≈≈≈≈≈≈≈≈≈≈≈≈≈≈≈≈≈≈≈≈≈≈≈
≈≈≈≈≈≈≈≈≈≈≈≈≈≈≈≈≈≈≈≈≈≈≈≈
≈≈≈≈≈≈≈≈≈≈≈≈≈≈≈≈≈≈≈≈≈≈≈


You could see a snapping turtle and 3 dream sheep.

Vanquished Creatures
  Donald (Orc:1)
  An orc warlord (Orc:2)
  A dire elephant (Lair:3)
  7 hydras
  Erica (Lair:2)
  2 catoblepae
  2 boulder beetles
  A two-headed ogre (D:10)
  16 death yaks
  A fire crab (Lair:3)
  A sixfirhy (D:10)
  A skyshark (Shoals:1)
  A sea snake (Shoals:1)
  2 orc knights (Orc:2)
  3 orc sorcerers (Orc:2)
  4 centaur zombies (D:10)
  A faun (Shoals:1)
  4 manticores
  16 elephants
  A cyclops (Shoals:1)
  6 black mambas
  A salamander (Snake:1)
  2 merfolk sirens (Shoals:1)
  4 kobold blastminers (Orc:2)
  3 water nymphs (Shoals:1)
  14 cane toads
  6 rime drakes
  7 komodo dragons
  7 polar bears
  4 merfolk (Shoals:1)
  A troll (Orc:2)
  A queen bee (Lair:2)
  A wind drake (Shoals:1)
  6 hornets (Lair:5)
  13 blink frogs
  9 dream sheep
  13 spriggans (Lair:5)
  2 wyverns
  Sigmund (D:4)
  A wraith (D:9)
  69 yaks
  2 shadows
  Eustachio (D:4)
  Grum (D:8)
  4 wargs
  4 basilisks
  2 steam dragons
  4 nagas (Lair:2)
  17 water moccasins
  26 orc warriors
  3 black bears
  3 sky beasts
  12 ogres
  An ice beast (D:6)
  31 wolves
  3 boggarts (Lair:5)
  2 centaurs
  3 phantoms
  20 bullfrogs
  3 necrophages (D:10)
  5 kobold brigands (Bailey)
  A gnoll sergeant (D:9)
  A scorpion (D:4)
  11 wights
  32 killer bees (Lair:2)
  6 electric eels
  3 bombardier beetles
  A howler monkey (D:5)
  A human zombie (D:10)
  6 jellies
  16 orc priests
  2 hounds
  A gnoll bouda (D:7)
  4 iguanas (D:6)
  Natasha (twice) (D:4)
  18 orc wizards
  4 hell rats (Lair:2)
  A howler monkey zombie (D:10)
  14 gnolls
  2 river rats (Lair:2)
  9 adders
  A shadow imp (D:7)
  2 white imps
  4 ufetubi
  4 dart slugs
  4 ribbon worms
  73 orcs
  10 endoplasms
  A giant cockroach (D:2)
  11 goblins
  7 hobgoblins
  18 kobolds
  5 quokkas
  6 ball pythons
  6 bats
  4 frilled lizards
  2 rats (D:1)
678 creatures vanquished.

Vanquished Creatures (collateral kills)
  3 orc warriors (Orc:2)
  An orc priest (Orc:2)
  An orc wizard (Orc:2)
  4 orcs (Orc:2)
9 creatures vanquished.

Vanquished Creatures (others)
  A bullfrog (Lair:4)
  A wight (D:9)
2 creatures vanquished.

Grand Total: 689 creatures vanquished

Notes
Turn   | Place    | Note
-------+----------+-------------------------------------------
     0 | D:1      | sasquatch the Formicid Fighter began the quest for the Orb.
     0 | D:1      | Reached XP level 1. HP: 18/18 MP: 1/1
   193 | D:1      | Reached XP level 2. HP: 12/24 MP: 2/2
   594 | D:1      | Reached XP level 3. HP: 30/30 MP: 3/3
   901 | D:2      | Reached skill level 3 in Long Blades
  1277 | D:2      | Reached XP level 4. HP: 28/37 MP: 4/4
  1631 | D:2      | Found a faded altar of an unknown god.
  1942 | D:3      | Reached skill level 4 in Long Blades
  2022 | D:3      | Found a white marble altar of Elyvilon.
  2035 | D:3      | Reached XP level 5. HP: 42/42 MP: 5/5
  2067 | D:3      | Found an ancient bone altar of Kikubaaqudgha.
  2068 | D:3      | Found a broken altar of Ashenzari.
  2072 | D:3      | Found a glowing golden altar of the Shining One.
  2073 | D:3      | Found an opulent altar of Gozag.
  2077 | D:3      | Became a worshipper of the Shining One
  2155 | D:3      | Found a runed translucent door.
  2158 | D:3      | Noticed Crazy Yiuf
  2451 | D:3      | Found Fumav's Armour Boutique.
  2754 | D:4      | Noticed an ogre
  2973 | D:4      | Noticed a phantom
  2996 | D:4      | Killed a phantom
  2997 | D:4      | Reached skill level 5 in Fighting
  2997 | D:4      | Reached skill level 5 in Long Blades
  2997 | D:4      | Reached XP level 6. HP: 34/51 MP: 6/6
  3150 | D:4      | Killed an ogre
  3151 | D:4      | Reached XP level 7. HP: 43/56 MP: 7/7
  3230 | D:4      | Identified the +5 short sword of Leheiha {freeze, rF+ rC-
                  | Str+3}
  3318 | D:4      | Reached skill level 6 in Long Blades
  3509 | D:4      | Found a shadowy altar of Dithmenos.
  3667 | D:4      | Noticed Sigmund
  3800 | D:4      | Noticed Natasha
  3818 | D:4      | Killed Natasha
  3860 | D:4      | Found a burning altar of Makhleb.
  3873 | D:4      | Noticed Eustachio
  3891 | D:4      | Killed Eustachio
  3892 | D:4      | Reached skill level 7 in Long Blades
  3892 | D:4      | Reached XP level 8. HP: 61/64 MP: 8/8
  3902 | D:4      | Found a blossoming altar of Fedhas.
  3961 | D:4      | Noticed Natasha
  3969 | D:4      | Killed Natasha
  4019 | D:4      | Killed Sigmund
  4118 | D:5      | Entered Level 5 of the Dungeon
  4188 | D:5      | Found a glowing silver altar of Zin.
  4204 | D:5      | Reached * piety under the Shining One
  4245 | D:5      | Reached skill level 8 in Long Blades
  4350 | D:5      | Found a hazy altar of Hepliaklqana.
  4747 | D:6      | Reached XP level 9. HP: 61/72 MP: 9/9
  5096 | D:6      | Reached skill level 9 in Long Blades
  5464 | D:7      | Found a staircase to the Ecumenical Temple.
  5471 | Temple   | Entered the Ecumenical Temple
  5656 | D:7      | Reached skill level 10 in Long Blades
  5890 | D:7      | Reached ** piety under the Shining One
  6202 | D:8      | Noticed a green ugly thing
  6202 | D:8      | Noticed Zeor's ghost (novice MiHu)
  6202 | D:8      | Found a staircase to the Lair.
  6202 | D:8      | Found a flagged portal.
  6202 | D:8      | Found a runed translucent door.
  6239 | D:8      | Noticed Grum
  6271 | D:8      | Reached XP level 10. HP: 71/82 MP: 10/10
  6280 | D:8      | Killed Grum
  6286 | D:8      | Reached skill level 11 in Long Blades
  6440 | Bailey   | Entered a bailey
  6737 | Bailey   | Identified the +5 orcbow of Amorous Purpose {flame, Stlth+}
  6750 | Bailey   | Found an iron altar of Okawaru.
  7079 | D:8      | Found a stormy altar of Qazlal.
  7210 | D:8      | Reached skill level 12 in Long Blades
  7233 | D:8      | Reached skill level 10 in Fighting
  7536 | D:8      | Found a snail-covered altar of Cheibriados.
  7620 | D:9      | Found an ornate altar of the Wu Jian Council.
  7620 | D:9      | Noticed a boulder beetle
  7638 | D:9      | Killed a boulder beetle
  7864 | D:9      | Reached *** piety under the Shining One
  7924 | D:9      | Found a radiant altar of Vehumet.
  8011 | D:9      | Reached XP level 11. HP: 69/91 MP: 11/11
  8063 | D:9      | Reached skill level 13 in Long Blades
  8067 | D:9      | You fall into a shaft and drop 2 floors!
  8354 | D:11     | Noticed a cyclops
  8412 | D:10     | Entered Level 10 of the Dungeon
  9271 | D:9      | Reached skill level 14 in Long Blades
  9421 | D:9      | Identified the +0 helmet "Buttatec" {^Drain rF+ rN+ Str+3
                  | Stlth+}
  9543 | Lair:1   | Entered Level 1 of the Lair of Beasts
 10262 | Lair:1   | Reached skill level 5 in Shields
 10852 | Lair:2   | Noticed an eight-headed hydra
 10902 | Lair:2   | Noticed Erica
 11027 | Lair:2   | Killed Erica
 11028 | Lair:2   | Reached skill level 5 in Armour
 11028 | Lair:2   | Reached XP level 12. HP: 102/102 MP: 12/12
 11117 | Lair:2   | Found a staircase to the Snake Pit.
 11177 | Lair:2   | Killed a three-headed hydra
 11916 | Lair:2   | Found a staircase to the Shoals.
 12005 | Lair:2   | Reached **** piety under the Shining One
 12124 | Lair:2   | You fall into a shaft and drop 1 floor!
 12349 | Lair:3   | Noticed a death yak
 12349 | Lair:3   | Noticed a seven-headed hydra
 12364 | Lair:3   | Killed a death yak
 12372 | Lair:3   | Killed a one-headed hydra
 12377 | Lair:3   | Reached skill level 10 in Shields
 12597 | Lair:3   | Noticed a dire elephant
 12613 | Lair:3   | Killed a dire elephant
 12812 | Lair:3   | Noticed a fire crab
 12833 | Lair:3   | Killed a fire crab
 12834 | Lair:3   | Reached skill level 10 in Armour
 12834 | Lair:3   | Reached skill level 1 in Invocations
 12834 | Lair:3   | Reached XP level 13. HP: 99/108 MP: 13/13
 12901 | Lair:3   | Noticed an eight-headed hydra
 12908 | Lair:3   | Killed a three-headed hydra
 13079 | Lair:3   | Noticed a catoblepas
 13084 | Lair:3   | Reached skill level 5 in Invocations
 13176 | Lair:3   | Killed a catoblepas
 13717 | Lair:3   | Noticed a four-headed hydra
 13724 | Lair:3   | Killed a one-headed hydra
 13837 | Lair:3   | Reached skill level 10 in Invocations
 13898 | Lair:3   | Found a runed translucent gate.
 13898 | Lair:3   | Found a runed translucent gate.
 13898 | Lair:3   | Found a runed translucent gate.
 13899 | Lair:3   | Noticed asd2613's ghost (journeyman TrGl)
 14099 | Lair:3   | Noticed a seven-headed hydra
 14105 | Lair:3   | Killed a three-headed hydra
 14436 | Lair:3   | Found a viscous altar of Jiyva.
 14779 | Lair:2   | Identified the +2 leather armour "Jacerche" {rPois rF+
                  | Str-4}
 15178 | Lair:3   | Reached XP level 14. HP: 90/115 MP: 23/23
 15594 | Lair:4   | Reached skill level 15 in Long Blades
 15933 | Lair:4   | Reached skill level 16 in Long Blades
 16346 | Lair:5   | Entered Level 5 of the Lair of Beasts
 16910 | Lair:5   | Reached XP level 15. HP: 87/126 MP: 24/24
 16965 | Lair:5   | Reached ***** piety under the Shining One
 18114 | Lair:5   | Found a viscous altar of Jiyva.
 18148 | Lair:5   | Found a staircase to the Slime Pits.
 18397 | Lair:5   | Upgraded the game from 0.31.0-11-ge490571c62 to
                  | 0.31.0-12-g77e489cdc1
 18614 | D:10     | Found a staircase to the Orcish Mines.
 18643 | D:10     | Found a runed translucent door.
 18922 | D:10     | Found a basalt altar of Yredelemnul.
 19274 | Orc:1    | Entered Level 1 of the Orcish Mines
 19319 | Orc:1    | Reached ****** piety under the Shining One
 19508 | Orc:2    | Entered Level 2 of the Orcish Mines
 19508 | Orc:2    | Noticed Donald
 19525 | Orc:1    | The Shining One protects you from harm!
 19540 | Orc:1    | Killed Donald
 19713 | Orc:2    | Found a staircase to the Elven Halls.
 19811 | Orc:2    | Found Jooher's Armour Emporium.
 20152 | Orc:2    | Found Fyked's Antique Armour Shoppe.
 20159 | Orc:2    | Bought a shimmering plate armour for 588 gold pieces
 20159 | Orc:2    | Identified the +6 plate armour of Syndicalism {rC+ Dex+4}
                  | (You bought it in a shop on level 2 of the Orcish Mines)
 20236 | Orc:2    | Found Paopaucw's Book Boutique.
 20603 | Orc:2    | Reached XP level 16. HP: 116/133 MP: 25/25
 20822 | Orc:2    | Found Seceq's Antique Weapon Shop.
 20824 | Orc:2    | Found Ehuclal's Antique Armour Boutique.
 21053 | Snake:1  | Entered Level 1 of the Snake Pit
 21140 | Shoals:1 | Entered Level 1 of the Shoals
 21610 | Shoals:1 | Reached skill level 15 in Shields
 21705 | Shoals:1 | Annihilated by a snapping turtle

Illustrated notes

Levels and vault maps discovered:
D:1:      dpeg_arrival_round_b, layout_loops_ring, minmay_tetromino_o4
D:2:      layout_basic, dilly_ecumenical_altar_fadedgnrine
D:3:      layout_loops_ring, minitemple, serial_shops, shop,
          uniq_crazy_yiuf_cottage
D:4:      layout_basic, old_standard_altar, mainiacjoe_overflow_big_doors,
          st_stairs_13, uniq_eustachio, uniq_sigmund, uniq_natasha
D:5:      layout_rooms, zin_academy, mainiacjoe_overflow_chevrons
D:6:      layout_cave_pools, minivault_25
D:7:      layout_loops_ring, minmay_temple_entry_grid
D:8:      layout_layer_cave, cheibriados_altar_2, lemuel_coloured_pillars_altar,
          lair_entry_dummy, ebering_ghost_inner_flame, enter_bailey_3,
          amcnicky_mini_pool_medium, uniq_grum
D:9:      layout_roguey, fiery_altar_vehumet,
          mainiacjoe_overflow_small_starburst
D:10:     cheibrodos_shockbox, layout_irregular_city,
          lemuel_mausoleum_altar_yredelemnul, orc_0_dummy
D:11:     layout_roguey, serial_glass, glass_columns_b, glass_columns_b,
          serial_shops, shop, uniq_lodul
Temple:   hellmonk_temple_of_storms
Lair:1:   layout_gridlike, chequers_serial_rivers_micro_c, serial_bayou_lake_a,
          wad_woods_river_01
Lair:2:   regret_index_combs_of_tragedy, layout_cave_pods, shoals_dummy_entry,
          minmay_snake_entry_guardpost_small, uniq_erica
Lair:3:   nzn_winding_woodlands_large [nzn_winding_woodlands_hourglass,
          nzn_winding_woodlands_5x15_garden, nzn_winding_woodlands_5x5_three,
          nzn_winding_woodlands_center_lodge,
          nzn_winding_woodlands_15x15_boxy_spiral,
          nzn_winding_woodlands_center_garden,
          nzn_winding_woodlands_5x5_closed_star,
          nzn_winding_woodlands_5x15_sawtooth,
          nzn_winding_woodlands_5x5_checkerboard], layout_cave_pods,
          gammafunk_ghost_ooze, nicolae_quartered_pool_little
Lair:4:   layout_small_grid, pdpol_lair_neglected_garden, beast_lair_carwin_4,
          grunt_megastairs_5
Lair:5:   minmay_lair_end_enchanted_forest, layout_cave_pods, slime_entry_2,
          nzn_sisyphean_effort, grunt_megastairs_1
Shoals:1: nicolae_shoals_deep_elves_summer_vacation, layout_shoals,
          nicolae_shoals_dead_sea_scrolls
Snake:1:  layout_onion, serial_shops, shop, grunt_ministairs_8, uniq_nikola,
          uniq_aizul, uniq_agnes
Orc:1:    layout_diamond_mine
Orc:2:    grunt_orc_community_town_hall, layout_caves,
          grunt_orc_community_big_house_2, grunt_orc_community_big_house_2,
          grunt_orc_community_house_3, grunt_orc_community_house_2,
          grunt_orc_community_house_3, grunt_orc_community_house_3,
          serial_shops, nicolae_shop_scrapyard, uniq_donald

Skill      XL: |  1  2  3  4  5  6  7  8  9 10 11 12 13 14 15 16 |
---------------+-------------------------------------------------+-----
Long Blades    | 3 4 5 7 8 10 12 14 16 | 16.0
Fighting       | 4 5 6 7 8 10 12 14 | 14.0
Armour         | 5 10 13 | 13.7
Shields        | 6 10 14 15 | 15.0
Invocations    | 1 12 | 12.0

Action                     |  1- 3 |  4- 6 |  7- 9 | 10-12 | 13-15 | 16-18 || total
---------------------------+-------+-------+-------+-------+-------+-------++-------
  Melee: Long sword        |    85 |   107 |     4 |       |       |       ||   196
         Short sword       |       |       |   333 |   651 |       |       ||   984
         Scimitar          |       |       |       |   220 |  1348 |   162 ||  1730
  Throw: Dart              |       |    11 |     5 |     7 |     1 |       ||    24
 Invoke: Divine Shield     |       |       |       |     3 |     6 |     1 ||    10
         Cleansing Flame   |       |       |       |       |     4 |       ||     4
         Summon Divine War |       |       |       |       |       |     1 ||     1
Ability: Dig               |     1 |       |       |     2 |     2 |     1 ||     6
         Shaft Self        |       |       |       |     2 |       |       ||     2
  Evoke: Wand              |       |       |       |     2 |       |       ||     2
    Use: Scroll            |       |     6 |     3 |     2 |     5 |       ||    16
         Potion            |       |       |       |       |     1 |       ||     1
 Armour: Scale mail        |    44 |    58 |     1 |       |       |       ||   103
         Chain mail        |       |       |   182 |   493 |   785 |       ||  1460
         Plate armour      |       |       |       |       |    43 |    75 ||   118
  Dodge: Dodged            |    36 |    40 |    97 |   203 |   279 |    11 ||   666
  Block: Buckler           |    23 |    24 |    80 |   177 |   392 |       ||   696
         Kite shield       |       |       |       |       |    91 |    84 ||   175
